Workbook
Name Excel_BuiltIn__FilterDatabase: '収支明細(2015年度参考)'!$A$1:$G$35
Name Excel_BuiltIn__FilterDatabase: '収支明細(入力)'!$A$1:$G$33

Sheet 収支明細(入力)
A1: 収支明細 (2016.4.1～) | G1: 網掛け（*）・・・銀行口座への振込・引き落とし
A2: 領収書月日 | B2: 収支 | C2: 科目 | D2: 補助科目 | E2: 摘要 | F2: 収入 | G2: 支出
A3: 42481 | B3: 支出 | C3: 04.活動費③募金支出 | D3: ①緑の募金 | E3: ①緑の募金 | G3: 1000
A4: 42487 | B4: 収入 | C4: 04.その他収入①アルミ缶回収費 | D4: 平成28年04月 80kg×@50 | E4: 平成28年04月 80kg×@50 | F4: 4000
A5: 42497 | B5: 支出 | C5: 04.活動費③募金支出 | D5: ②赤十字社活動募金 | E5: ②赤十字社活動募金 | G5: 2000
A6: 42478 | B6: 支出 | C6: 08.渉外費 | D6: ①わんわんウォーキング分担金（4/18） | E6: ①わんわんウォーキング分担金（4/18） | G6: 5000
A7: 42498 | B7: 支出 | C7: 08.渉外費 | D7: ②宇喜田・小島地区自治連懇親会（5/8） | E7: ②宇喜田・小島地区自治連懇親会（6*3000） | G7: 18000
A8: 42512 | B8: 支出 | C8: 08.渉外費 | D8: ③自治会会議費懇親会費(5/22) | E8: ③自治会会議費懇親会費(5/22) | G8: 31367
A9: 42512 | B9: 収入 | C9: 04.その他収入①アルミ缶回収費 | D9: 平成28年05月 80kg×@50 | E9: 平成28年05月 80kg×@50 | F9: 4000
A10: 42526 | B10: 支出 | C10: 02.自治連年会費 | D10: 宇喜田小島地区自治連協議会分担金 | E10: 宇喜田小島地区自治連協議会分担金 | G10: 23000
A11: 42528 | B11: 支出 | C11: 06.備品費 | D11: 備品 | E11: 掲示板用ラベル | G11: 199
A12: 42533 | B12: 支出 | C12: 04.活動費①行事支出 | D12: ①七夕(7/7) | E12: 七夕飾り（かざり） | G12: 7196
A13: 42547 | B13: 支出 | C13: 04.活動費①行事支出 | D13: ①七夕(7/7) | E13: 七夕飾り（かざり） | G13: 4780
A14: 42548 | B14: 支出 | C14: 04.活動費①行事支出 | D14: ①七夕(7/7) | E14: 七夕飾り（かざり） | G14: 2060
A15: 42527 | B15: 支出 | C15: 06.備品費 | D15: 備品 | E15: 仕上げ砥石修正用 | G15: 1227
A16: 42550 | B16: 収入 | C16: 04.その他収入①アルミ缶回収費 | D16: 平成28年06月 100kg×@50 | E16: 平成28年06月 100kg×@50 | F16: 5000
A17: 42564 | B17: 支出 | C17: 04.活動費①行事支出 | D17: ②夏まつり(7/17) | E17: 菓子 | G17: 390
A18: 42564 | B18: 支出 | C18: 06.備品費 | D18: 備品 | E18: 備品機材 | G18: 7701
A19: 42564 | B19: 支出 | C19: 04.活動費①行事支出 | D19: ②夏まつり(7/17) | E19: 交通費 | G19: 330
A20: 42564 | B20: 支出 | C20: 04.活動費④諸経費 | D20: 切手代・印刷代 | E20: 印刷代 | G20: 220
A21: 42564 | B21: 支出 | C21: 04.活動費④諸経費 | D21: 切手代・印刷代 | E21: 印刷代 | G21: 3750
A22: 42567 | B22: 支出 | C22: 04.活動費①行事支出 | D22: ②夏まつり(7/17) | E22: ビンゴ・他 | G22: 706
A23: 42568 | B23: 支出 | C23: 04.活動費①行事支出 | D23: ②夏まつり(7/17) | E23: ガス代金 | G23: 1944
A24: 42568 | B24: 支出 | C24: 04.活動費①行事支出 | D24: ②夏まつり(7/17) | E24: 食品他 | G24: 28839
A25: 42568 | B25: 支出 | C25: 04.活動費①行事支出 | D25: ②夏まつり(7/17) | E25: 食品他 | G25: 1272
A26: 42568 | B26: 支出 | C26: 04.活動費①行事支出 | D26: ②夏まつり(7/17) | E26: 食品他 | G26: 11462
A27: 42568 | B27: 支出 | C27: 04.活動費①行事支出 | D27: ②夏まつり(7/17) | E27: 景品 | G27: 10480
A28: 42568 | B28: 収入 | C28: 03.行事収入 | D28: ①夏まつり(7/17) | E28: 総売上（参加費＋売上） | F28: 43900
A29: 42568 | B29: 支出 | C29: 04.活動費①行事支出 | D29: ②夏まつり(7/17) | E29: ビール | G29: 46410
A30: 42566 | B30: 支出 | C30: 04.活動費①行事支出 | D30: ②夏まつり(7/17) | E30: スイカ３個 | G30: 10120
A31: 42562 | B31: 支出 | C31: 04.活動費①行事支出 | D31: ②夏まつり(7/17) | E31: コーヒー | G31: 3687
A32: 42578 | B32: 収入 | C32: 04.その他収入①アルミ缶回収費 | D32: 平成28年07月 80kg×@50 | E32: 平成28年07月 80kg×@50 | F32: 4000
A33: 42589 | B33: 支出 | C33: 04.活動費③募金支出 | D33: ③青い羽根募金 | E33: ③青い羽根募金 | G33: 1000
A34: 42589 | B34: 支出 | C34: 04.活動費①行事支出 | D34: ③運動会(9/25) | E34: 運動会自治会分担金 | G34: 7800
A35: 42614 | B35: 支出 | C35: 06.備品費 | D35: 備品 | E35: ホッチキス、画鋲 | G35: 1743
A36: 42613 | B36: 収入 | C36: 04.その他収入①アルミ缶回収費 | D36: 平成28年08月 110kg×@50 | E36: 平成28年08月 110kg×@50 | F36: 5500
A37: 42621 | B37: 支出 | C37: 06.備品費 | D37: ゴザ | E37: ゴザ2枚 | G37: 6222
A38: 42619 | B38: 支出 | C38: 04.活動費①行事支出 | D38: ③運動会(9/25) | E38: 飲料 | G38: 8748
A39: 42619 | B39: 支出 | C39: 04.活動費①行事支出 | D39: ③運動会(9/25) | E39: 飲料 | G39: 797
A40: 42625 | B40: 支出 | C40: 06.備品費 | D40: 備品 | E40: カセットボンベ | G40: 321
A41: 42638 | B41: 支出 | C41: 04.活動費①行事支出 | D41: ③運動会(9/25) | E41: お弁当 | G41: 9750
A42: 42638 | B42: 支出 | C42: 04.活動費①行事支出 | D42: ③運動会(9/25) | E42: レンタカー | G42: 13176
A43: 42638 | B43: 支出 | C43: 04.活動費①行事支出 | D43: ③運動会(9/25) | E43: おやつ他 | G43: 5676
A44: 42621 | B44: 支出 | C44: 06.備品費 | D44: 備品 | E44: 養生テープ他 | G44: 956
A45: 42635 | B45: 支出 | C45: 04.活動費④諸経費 | D45: 切手代・印刷代 | E45: 印刷代 | G45: 790
A46: 42638 | B46: 支出 | C46: 04.活動費①行事支出 | D46: ③運動会(9/25) | E46: 飲料 | G46: 745
A47: 42638 | B47: 支出 | C47: 04.活動費①行事支出 | D47: ③運動会(9/25) | E47: 朝食 | G47: 3789
A48: 42638 | B48: 支出 | C48: 04.活動費①行事支出 | D48: ③運動会(9/25) | E48: 飲料 | G48: 99
... A50: 42638 | B50: 支出 | C50: 04.活動費①行事支出 | D50: ④いも煮会(10/23) | E50: 飲み物 | G50: 1851
A51: 42641 | B51: 収入 | C51: 04.その他収入①アルミ缶回収費 | D51: 平成28年09月 80kg×@50 | E51: 平成28年09月 80kg×@50 | F51: 4000
A52: 42666 | B52: 収入 | C52: 03.行事収入 | D52: ②いも煮会(10/23) | E52: 会費 | F52: 12900
A53: 42666 | B53: 支出 | C53: 04.活動費①行事支出 | D53: ④いも煮会(10/23) | E53: 食費 | G53: 16401
A54: 42666 | B54: 支出 | C54: 04.活動費①行事支出 | D54: ④いも煮会(10/23) | E54: 食費 | G54: 42163
A55: 42666 | B55: 支出 | C55: 04.活動費①行事支出 | D55: ④いも煮会(10/23) | E55: ビールなど | G55: 10273
A56: 42666 | B56: 支出 | C56: 06.備品費 | D56: 備品 | E56: 備品（いもに会） | G56: 3858
A57: 42666 | B57: 支出 | C57: 04.活動費①行事支出 | D57: ④いも煮会(10/23) | E57: 交通費 | G57: 330
A58: 42666 | B58: 支出 | C58: 04.活動費④諸経費 | D58: 切手代・印刷代 | E58: 印刷代（いも煮会） | G58: 2350
A59: 42666 | B59: 支出 | C59: 04.活動費①行事支出 | D59: ④いも煮会(10/23) | E59: 日本酒 | G59: 2862
A60: 42668 | B60: 支出 | C60: 06.備品費 | D60: 備品 | E60: 養生テープ他 | G60: 990
A61: 42664 | B61: 支出 | C61: 04.活動費①行事支出 | D61: ④いも煮会(10/23) | E61: ガス代金 | G61: 1944
A62: 42671 | B62: 収入 | C62: 04.その他収入①アルミ缶回収費 | D62: 平成28年10月 80kg×@50 | E62: 平成28年10月 80kg×@50 | F62: 4000
A63: 42680 | B63: 支出 | C63: 04.活動費③募金支出 | D63: ④赤い羽根募金 | E63: ③赤い羽根募金 | G63: 3000
A64: 42681 | B64: 支出 | C64: 予備費 | D64: ①ワイヤレスアンプ修理 | E64: ①ワイヤレスアンプ修理 | G64: 1890
A65: 42681 | B65: 支出 | C65: 06.備品費 | D65: アクティブスピーカー | E65: アクティブスピーカー | G65: 34601
A66: 42681 | B66: 支出 | C66: 06.備品費 | D66: アクティブスピーカー | E66: アクティブスピーカー・交通費 | G66: 780
A67: 42687 | B67: 支出 | C67: 04.活動費①行事支出 | D67: ⑤もちつき(11/13) | E67: 業者代金 | G67: 100000
A68: 42687 | B68: 支出 | C68: 04.活動費①行事支出 | D68: ⑤もちつき(11/13) | E68: 反省会費用 | G68: 3351
A69: 42687 | B69: 支出 | C69: 04.活動費④諸経費 | D69: 切手代・印刷代 | E69: 印刷代（もちつき） | G69: 1650
A70: 42693 | B70: 支出 | C70: 04.活動費①行事支出 | D70: ⑦正月飾り | E70: 鏡餅 | G70: 5980
A71: 42699 | B71: 支出 | C71: 04.活動費①行事支出 | D71: ⑥クリスマス飾り | E71: クリスマス飾り 他 | G71: 41299
A72: 42699 | B72: 支出 | C72: 04.活動費④諸経費 | D72: 切手代・印刷代 | E72: 印刷代（クリスマス飾り） | G72: 230
A73: 42707 | B73: 支出 | C73: 04.活動費①行事支出 | D73: ⑥クリスマス飾り | E73: お茶 | G73: 875
A74: 42704 | B74: 支出 | C74: 04.活動費①行事支出 | D74: ⑥クリスマス飾り | E74: 吸盤 | G74: 324
A75: 42704 | B75: 収入 | C75: 04.その他収入①アルミ缶回収費 | D75: 平成28年11月 100kg×@50 | E75: 平成28年11月 100kg×@50 | F75: 5000
A76: 42733 | B76: 支出 | C76: 04.活動費①行事支出 | D76: ⑦正月飾り | E76: 門松 | G76: 41040
A77: 42728 | B77: 支出 | C77: 04.活動費①行事支出 | D77: ⑦正月飾り | E77: 正月飾り | G77: 4728
A78: 42733 | B78: 支出 | C78: 08.渉外費 | D78: ④自治会会議費懇親会費(12/29) | E78: 自治会忘年会 10名 | G78: 36374
A79: 42741 | B79: 支出 | C79: 08.渉外費 | D79: ⑤葛西地区新年顔合わせ会(1/6) | E79: 葛西地区新年顔合わせ会 | G79: 45000
A80: 42732 | B80: 収入 | C80: 04.その他収入①アルミ缶回収費 | D80: 平成28年12月 90kg×@50 | E80: 平成28年12月 90kg×@50 | F80: 4500
A81: 42741 | B81: 支出 | C81: 08.渉外費 | D81: ⑥葛西地区新年顔合わせ会(1/6) | E81: ⑥葛西地区新年顔合わせ会(1/6) | G81: 3360
A82: 42748 | B82: 支出 | C82: 04.活動費①行事支出 | D82: ⑨新年会 | E82: 日本酒 | G82: 4277
A83: 42744 | B83: 支出 | C83: 06.備品費 | D83: のぼり | E83: のぼり | G83: 3000
A84: 42751 | B84: 支出 | C84: 04.活動費④諸経費 | D84: 切手代・印刷代 | E84: 印刷代 | G84: 1630
A85: 42751 | B85: 支出 | C85: 06.備品費 | D85: 備品 | E85: マグネットシート | G85: 216
A86: 42745 | B86: 支出 | C86: 04.活動費①行事支出 | D86: ⑧鏡開き | G86: 13585
A87: 42756 | B87: 支出 | C87: 04.活動費①行事支出 | D87: ⑨新年会 | E87: 飲み物 | G87: 18991
A88: 42756 | B88: 支出 | C88: 04.活動費①行事支出 | D88: ⑨新年会 | E88: 飲み物 | G88: 4625
A89: 42757 | B89: 支出 | C89: 04.活動費①行事支出 | D89: ⑨新年会 | E89: オードブル | G89: 15000
A103: 【銀行入出金分】
F135: =SUM(F3:F134) -> 96800 | G135: =SUM(G3:G134) -> 753718

Sheet 収支表示（集計）
A1: 第１１期自治会収支報告
D3: データ
A4: 収支 | B4: 科目 | C4: 補助科目 | D4: 収入の部 | E4: 支出の部
A5: 収入 | B5: 03.行事収入 | C5: ①夏まつり(7/17) | D5: 43900
C6: ②いも煮会(10/23) | D6: 12900
B7: 03.行事収入 集計 | D7: 56800
B8: 04.その他収入①アルミ缶回収費 | C8: 平成28年04月 80kg×@50 | D8: 4000
C9: 平成28年05月 80kg×@50 | D9: 4000
C10: 平成28年06月 100kg×@50 | D10: 5000
C11: 平成28年07月 80kg×@50 | D11: 4000
C12: 平成28年08月 110kg×@50 | D12: 5500
C13: 平成28年09月 80kg×@50 | D13: 4000
C14: 平成28年10月 80kg×@50 | D14: 4000
C15: 平成28年11月 100kg×@50 | D15: 5000
C16: 平成28年12月 90kg×@50 | D16: 4500
B17: 04.その他収入①アルミ缶回収費 集計 | D17: 40000
A18: 支出 | B18: 02.自治連年会費 | C18: 宇喜田小島地区自治連協議会分担金 | E18: 23000
B19: 02.自治連年会費 集計 | E19: 23000
B20: 04.活動費①行事支出 | C20: ①七夕(7/7) | E20: 14036
C21: ②夏まつり(7/17) | E21: 115640
C22: ③運動会(9/25) | E22: 50718
C23: ④いも煮会(10/23) | E23: 75824
C24: ⑤もちつき(11/13) | E24: 103351
C25: ⑥クリスマス飾り | E25: 42498
C26: ⑦正月飾り | E26: 51748
C27: ⑧鏡開き | E27: 13585
C28: ⑨新年会 | E28: 42893
B29: 04.活動費①行事支出 集計 | E29: 510293
B30: 04.活動費③募金支出 | C30: ①緑の募金 | E30: 1000
C31: ②赤十字社活動募金 | E31: 2000
C32: ③青い羽根募金 | E32: 1000
C33: ④赤い羽根募金 | E33: 3000
B34: 04.活動費③募金支出 集計 | E34: 7000
B35: 04.活動費④諸経費 | C35: 切手代・印刷代 | E35: 10620
B36: 04.活動費④諸経費 集計 | E36: 10620
B37: 06.備品費 | C37: アクティブスピーカー | E37: 35381
C38: ゴザ | E38: 6222
C39: のぼり | E39: 3000
C40: 備品 | E40: 17211
B41: 06.備品費 集計 | E41: 61814
B42: 08.渉外費 | C42: ①わんわんウォーキング分担金（4/18） | E42: 5000
C43: ②宇喜田・小島地区自治連懇親会（5/8） | E43: 18000
C44: ③自治会会議費懇親会費(5/22) | E44: 31367
C45: ④自治会会議費懇親会費(12/29) | E45: 36374
C46: ⑤葛西地区新年顔合わせ会(1/6) | E46: 45000
C47: ⑥葛西地区新年顔合わせ会(1/6) | E47: 3360
B48: 08.渉外費 集計 | E48: 139101
B49: 予備費 | C49: ①ワイヤレスアンプ修理 | E49: 1890
B50: 予備費 集計 | E50: 1890
A51: 総計 | D51: 96800 | E51: 753718

Sheet 今期決算書
A1: 第１３期（平成２８年度）決算書
A3: ２０１６年４月１日～２０１７年３月３１日
H4: (単位：円）
A5: 収 入 の 部 | E5: 支 出 の 部
A6: 科 目 | B6: 予算額 | C6: 実績額 | D6: 備 考 | E6: 科 目 | F6: 予算額 | G6: 実績額 | H6: 備 考
A7: コミュニティ費（旧自治会費） | B7: 500000 | C7: =GETPIVOTDATA("収入の部",'収支表示（集計）'!$A$3,"収支","収入","科目","01.コミュニティ費") -> #REF! | E7: 行政分担金 | F7: 27250 | G7: =GETPIVOTDATA("支出の部",'収支表示（集計）'!$A$3,"収支","支出","科目","01.行政分担金") -> #REF!
A8: 区・文書等配布委託金 | B8: 130800 | C8: =GETPIVOTDATA("収入の部",'収支表示（集計）'!$A$3,"収支","収入","科目","02.区・文書等配布委託金") -> #REF! | E8: 自治連年会費 | F8: 23000 | G8: =GETPIVOTDATA("支出の部",'収支表示（集計）'!$A$3,"収支","支出","科目","02.自治連年会費") -> 23000
A9: 行事収入 | B9: 60000 | C9: =GETPIVOTDATA("収入の部",'収支表示（集計）'!$A$3,"収支","収入","科目","03.行事収入") -> 56800 | E9: 防犯協会加入分担金 | F9: 12630 | G9: =GETPIVOTDATA("支出の部",'収支表示（集計）'!$A$3,"収支","支出","科目","03.防犯協会加入分担金") -> #REF!
A10: その他収入 | B10: =SUM(B11:B12) -> 83250 | C10: =SUM(C11:C12) -> #REF! | E10: 活動費 | F10: =SUM(F11:F14) -> 732100 | G10: =SUM(G11:G14) -> #REF!
A11: ①アルミ缶回収費 | B11: 83000 | C11: =GETPIVOTDATA("収入の部",'収支表示（集計）'!$A$3,"収支","収入","科目","04.その他収入①アルミ缶回収費") -> 40000 | E11: ①行事支出 | F11: 680000 | G11: =GETPIVOTDATA("支出の部",'収支表示（集計）'!$A$3,"収支","支出","科目","04.活動費①行事支出") -> 510293
A12: ②その他 | B12: 250 | C12: =GETPIVOTDATA("収入の部",'収支表示（集計）'!$A$3,"収支","収入","科目","04.その他収入②その他") -> #REF! | D12: 注１ | E12: ②自治会保険料 | F12: 35100 | G12: =GETPIVOTDATA("支出の部",'収支表示（集計）'!$A$3,"収支","支出","科目","04.活動費②自治会保険料") -> #REF!
A13: 寄付金 | B13: 150000 | C13: =GETPIVOTDATA("収入の部",'収支表示（集計）'!$A$3,"収支","収入","科目","05.寄付金") -> #REF! | D13: 注２ | E13: ③募金支出 | F13: 7000 | G13: =GETPIVOTDATA("支出の部",'収支表示（集計）'!$A$3,"収支","支出","科目","04.活動費③募金支出") -> 7000
E14: ④諸経費 | F14: 10000 | G14: =GETPIVOTDATA("支出の部",'収支表示（集計）'!$A$3,"収支","支出","科目","04.活動費④諸経費") -> 10620
E15: 印刷関係費 | F15: 40000 | G15: =GETPIVOTDATA("支出の部",'収支表示（集計）'!$A$3,"収支","支出","科目","05.印刷関係費") -> #REF!
E16: 備品費 | F16: 150000 | G16: =GETPIVOTDATA("支出の部",'収支表示（集計）'!$A$3,"収支","支出","科目","06.備品費") -> 61814 | H16: 注３
E17: 消耗品費 | F17: 10000 | G17: =GETPIVOTDATA("支出の部",'収支表示（集計）'!$A$3,"収支","支出","科目","07.消耗品費") -> #REF!
E18: 渉外費 | F18: 170000 | G18: =GETPIVOTDATA("支出の部",'収支表示（集計）'!$A$3,"収支","支出","科目","08.渉外費") -> 139101
E19: 銀行手数料 | F19: 3000 | G19: =GETPIVOTDATA("支出の部",'収支表示（集計）'!$A$3,"収支","支出","科目","09.銀行手数料") -> #REF!
E20: 予備費 | F20: 30000 | G20: =GETPIVOTDATA("支出の部",'収支表示（集計）'!$A$3,"収支","支出","科目","10.予備費") -> #REF!
A21: 収入合計 | B21: 924050 | C21: =SUM(C7:C10)+C13 -> #REF! | E21: 支出合計 | F21: =SUM(F7:F10)+SUM(F15:F20) -> 1197980 | G21: =SUM(G7:G10)+SUM(G15:G20) -> #REF!
A22: 前期繰越金 | B22: 1569472 | C22: =B22 -> 1569472 | E22: 次期繰越金 | F22: =F23-F21 -> 1295542 | G22: =G23-G21 -> #REF!
A23: 収入・繰越金合計 | B23: =SUM(B21:B22) -> 2493522 | C23: =SUM(C21:C22) -> #REF! | E23: 支出・繰越金合計 | F23: =B23 -> 2493522 | G23: =C23 -> #REF!
A25: ２０１６年 月 日
A27: 第１２期収支決算を上記の通り上程し、ご報告いたします。
D28: バームハイツ西葛西自治会
D29: 会 長 | E29: 関 根 弘 二
A30: =A25 -> ２０１６年 月 日
A32: 第１２期決算書を監査した結果、適正なることを認めます。
D33: 監 事 | E33: 星 野 武 夫

Sheet 次期予算案
A1: 第１４期（平成２９年度）予算案
A2: ２０１７年４月１日～２０１８年３月３１日 | H2: (単位：円）
A3: 収 入 の 部 | E3: 支 出 の 部
A4: 科 目 | B4: 前期実績 | C4: 予算額 | D4: 備 考 | E4: 科 目 | F4: 前期実績 | G4: 予算額 | H4: 備 考
A5: コミュニティ費（旧自治会費） | B5: =今期決算書!C7 -> #REF! | C5: 500000 | D5: 注1 | E5: 行政分担金 | F5: =今期決算書!G7 -> #REF! | G5: 27250
A6: 区・文書等配布委託金 | B6: =今期決算書!C8 -> #REF! | C6: 130800 | E6: 自治連年会費 | F6: =今期決算書!G8 -> 23000 | G6: 23000
A7: 行事収入 | B7: =今期決算書!C9 -> 56800 | C7: 55000 | E7: 防犯協会加入分担金 | F7: =今期決算書!G9 -> #REF! | G7: 12630
A8: その他収入 | B8: =今期決算書!C10 -> #REF! | C8: =C9+C10 -> 80250 | E8: 活動費 | F8: =今期決算書!G10 -> #REF! | G8: =SUM(G9:G12) -> 631110
A9: ①集団回収費 | B9: =今期決算書!C11 -> 40000 | C9: 80000 | D9: 注2 | E9: ①行事支出 | F9: =今期決算書!G11 -> 510293 | G9: ='【行事予算案（入力）】）'!J13 -> 580000 | H9: 注4
A10: ②その他 | B10: =今期決算書!C12 -> #REF! | C10: 250 | D10: 利息等 | E10: ②自治会保険料 | F10: =今期決算書!G12 -> #REF! | G10: 34110
A11: 寄付金 | B11: =今期決算書!C13 -> #REF! | C11: 150000 | D11: 注3 | E11: ③募金支出 | F11: =今期決算書!G13 -> 7000 | G11: 7000
E12: ④諸経費 | F12: =今期決算書!G14 -> 10620 | G12: 10000
E13: 印刷関係費 | F13: =今期決算書!G15 -> #REF! | G13: 40000
E14: 備品費 | F14: =今期決算書!G16 -> 61814 | G14: ='【行事予算案（入力）】）'!D14 -> 110000 | H14: 注5
E15: 消耗品費 | F15: =今期決算書!G17 -> #REF! | G15: 10000
E16: 渉外費 | F16: =今期決算書!G18 -> 139101 | G16: 170000 | H16: 注6
E17: 銀行手数料 | F17: =今期決算書!G19 -> #REF! | G17: 3000
E18: 予備費 | F18: =今期決算書!G20 -> #REF! | G18: 30000
A19: 収入合計 | B19: =今期決算書!C21 -> #REF! | C19: =SUM(C5:C8)+C11 -> 916050 | E19: 支出合計 | F19: =今期決算書!G21 -> #REF! | G19: =SUM(G5:G8)+SUM(G13:G18) -> 1056990
A20: 前期繰越金 | B20: =今期決算書!C22 -> 1569472 | C20: =今期決算書!G22 -> #REF! | E20: 次期繰越金 | F20: =今期決算書!G22 -> #REF! | G20: =G21-G19 -> #REF!
A21: 収入・繰越金合計 | B21: =今期決算書!C23 -> #REF! | C21: =SUM(C19:C20) -> #REF! | E21: 支出・繰越金合計 | F21: =今期決算書!G23 -> #REF! | G21: =C21 -> #REF!

Sheet 【行事予算案（入力）】）
J1: 今期予算 | L1: 前期実績 | N1: 前期予算
A2: 注1 | B2: コミュニティ費 | C2: 2014年12月～2015年5月* | D2: 250000 | E2: 円 | G2: 注4 | H2: 行事支出 | I2: 七 夕 | J2: 15000 | K2: 円（ | L2: 8269 | M2: 円/ | N2: 15000 | O2: 円）
C3: 2015年6月～2015年11月* | D3: 250000 | E3: 円 | I3: 夏まつり | J3: 130000 | K3: 円（ | L3: 155211 | M3: 円/ | N3: 130000 | O3: 円）
D4: 500000 | E4: 円 | I4: 運動会 | J4: 60000 | K4: 円（ | L4: 56696 | M4: 円/ | N4: 90000 | O4: 円）
I5: いも煮会 | J5: 90000 | K5: 円（ | L5: 80713 | M5: 円/ | N5: 90000 | O5: 円）
A6: 注2 | B6: 集団回収費 | C6: @5,500×12か月＝ | D6: 66000 | E6: 円 | I6: クリスマス飾り | J6: 40000 | K6: 円（ | L6: 72299 | M6: 円/ | N6: 40000 | O6: 円）
B7: 区の報奨金 | D7: 14000 | E7: 円 | I7: 正月飾り | J7: 45000 | K7: 円（ | L7: 49631 | M7: 円/ | N7: 45000 | O7: 円）
B8: 合計 | D8: =SUM(D6:D7) -> 80000 | E8: 円 | I8: 鏡開き | J8: 15000 | K8: 円（ | L8: 0 | M8: 円/ | N8: 15000 | O8: 円）
I9: 新年会 | J9: 55000 | K9: 円（ | L9: 56321 | M9: 円/ | N9: 55000 | O9: 円）
A10: 注3 | B10: 寄付金 | C10: @30,000×5回＝ | D10: 150000 | E10: 円 | I10: もちつき | J10: 110000 | K10: 円（ | L10: 112565 | M10: 円/ | N10: 100000 | O10: 円）
I11: 30周年記念費用 | J11: 0 | K11: 円（ | L11: 2782 | M11: 円/ | N11: 100000 | O11: 円）
A12: 注5 | B12: スピーカー、大鍋 | D12: 60000 | E12: 円 | I12: ひなまつり | J12: 20000 | K12: 円（ | L12: 0 | M12: 円/ | N12: 0 | O12: 円）
B13: その他 | D13: 50000 | E13: 円 | G13: 注6 | H13: 渉外費 | I13: 合計 | J13: =SUM(J2:J12) -> 580000 | K13: 円（ | L13: =SUM(L2:L12) -> 594487 | M13: 円/ | N13: =SUM(N2:N12) -> 680000 | O13: 円）
B14: 合計 | D14: =SUM(D12:D13) -> 110000 | E14: 円
I15: 自治連会合費他 | J15: 130000 | K15: 円
I16: 研修会・その他 | J16: 40000 | K16: 円
I17: 合計 | J17: =SUM(J15:J16) -> 170000 | K17: 円

Sheet 今期貸借対照表
A1: 第１３期（平成２８年度）貸借対照表
A3: ２０１７年３月３１日現在
F4: (単位：円）
A5: 資 産 の 部 | D5: 負債及び繰越金の部
A6: 科 目 | C6: 金額 | D6: 科 目 | F6: 金額
A7: 現預金 | B7: 普通預金 | C7: 1321861 | D7: 未払金 | E7: 未払金 | F7: 0
B8: 現金 | C8: 138911 | D8: 前受金 | E8: 前受金 | F8: 0
B9: 小計 | C9: =SUM(C7:C8) -> 1460772 | D9: 預り金 | E9: 預り金・借受金 | F9: 0
D10: 振替金 | E10: 未振替金 | F10: 0
A11: 未収入金 | B11: 未収入金 注１ | C11: 0
B12: 仮払金 | C12: 0
D16: 次期繰越金 | F16: =今期決算書!G22 -> #REF!
A17: 合 計 | C17: =C9+C11+C12 -> 1460772 | D17: 合 計 | F17: =SUM(F7:F16) -> #REF!

Sheet 収支明細(2015年度参考)
A1: 収支明細 (2014.4.1～) | G1: 網掛け（*）・・・銀行口座への振込・引き落とし
A2: 領収書月日 | B2: 収支 | C2: 科目 | D2: 補助科目 | E2: 摘要 | F2: 収入 | G2: 支出
A3: 42118 | B3: 支出 | C3: 04.活動費③募金支出 | D3: ①緑の募金 | E3: ①緑の募金 | G3: 1000
A4: 42134 | B4: 支出 | C4: 08.渉外費 | D4: ①宇喜田・小島地区自治連懇親会（5/10） | E4: ①宇喜田・小島地区自治連懇親会（7*3000） | G4: 21000
A5: 42123 | B5: 収入 | C5: 04.その他収入①アルミ缶回収費 | D5: 平成27年04月 90kg×@50 | E5: 平成27年04月 90kg×@50 | F5: 4500
A6: 42149 | B6: 支出 | C6: 04.活動費③募金支出 | D6: ②赤十字社活動募金 | E6: ②赤十字社活動募金 | G6: 2000
A7: 42114 | B7: 支出 | C7: 08.渉外費 | D7: ②わんわんウォーキング分担金（4/20） | E7: ②わんわんウォーキング分担金（4/20） | G7: 5000
A8: 42141 | B8: 支出 | C8: 04.活動費①行事支出 | D8: ①茶話会(5/17) | E8: ①茶話会(5/17) | G8: 1126
A9: 42141 | B9: 支出 | C9: 04.活動費①行事支出 | D9: ①茶話会(5/17) | E9: ①茶話会(5/17) | G9: 1656
A10: 42141 | B10: 支出 | C10: 08.渉外費 | D10: ③自治会会議費懇親会費(5/17) | E10: ③自治会会議費懇親会費(5/17) | G10: 27874
A11: 42151 | B11: 収入 | C11: 04.その他収入①アルミ缶回収費 | D11: 平成27年05月 110kg×@50 | E11: 平成27年05月 110kg×@50 | F11: 5500
A12: 42175 | B12: 支出 | C12: 02.自治連年会費 | D12: 宇喜田小島地区自治連協議会分担金 | E12: 宇喜田小島地区自治連協議会分担金 | G12: 23000
A13: 42176 | B13: 支出 | C13: 04.活動費①行事支出 | D13: ②七夕(7/7) | E13: 七夕飾り（かざり） | G13: 1188
A14: 42176 | B14: 支出 | C14: 04.活動費①行事支出 | D14: ②七夕(7/7) | E14: 七夕飾り（かざり） | G14: 7081
A15: 42193 | B15: 支出 | C15: 04.活動費①行事支出 | D15: ③夏まつり(7/25) | E15: 日本酒 | G15: 3294
A16: 42208 | B16: 支出 | C16: 04.活動費①行事支出 | D16: ③夏まつり(7/25) | E16: ビンゴカード | G16: 540
A17: 42179 | B17: 収入 | C17: 04.その他収入①アルミ缶回収費 | D17: 平成27年06月 110kg×@50 | E17: 平成27年06月 110kg×@50 | F17: 5500
A18: 42210 | B18: 収入 | C18: 03.行事収入 | D18: ①夏まつり(7/25) | E18: 総売上（参加費＋売上） | F18: 36910
A19: 42210 | B19: 支出 | C19: 04.活動費①行事支出 | D19: ③夏まつり(7/25) | E19: 食材 | G19: 45640
A20: 42210 | B20: 支出 | C20: 04.活動費①行事支出 | D20: ③夏まつり(7/25) | E20: お米 | G20: 400
A21: 42210 | B21: 支出 | C21: 04.活動費①行事支出 | D21: ③夏まつり(7/25) | E21: 交通費（塩瀬） | G21: 380
A22: 42210 | B22: 支出 | C22: 04.活動費①行事支出 | D22: ③夏まつり(7/25) | E22: 交通費（加藤） | G22: 380
A23: 42210 | B23: 支出 | C23: 04.活動費①行事支出 | D23: ③夏まつり(7/25) | E23: 交通費（小野） | G23: 380
A24: 42210 | B24: 支出 | C24: 04.活動費①行事支出 | D24: ③夏まつり(7/25) | E24: 食材 | G24: 38732
A25: 42210 | B25: 支出 | C25: 04.活動費①行事支出 | D25: ③夏まつり(7/25) | E25: 食材 | G25: 4529
A26: 42210 | B26: 支出 | C26: 04.活動費①行事支出 | D26: ③夏まつり(7/25) | E26: ＬＰガス（２ｋｇ） | G26: 1944
A27: 42210 | B27: 支出 | C27: 04.活動費①行事支出 | D27: ③夏まつり(7/25) | E27: 機材 | G27: 4077
A28: 42210 | B28: 支出 | C28: 04.活動費④諸経費 | D28: 切手代・印刷代 | E28: 印刷代（荻原） | G28: 2610
A29: 42210 | B29: 支出 | C29: 08.渉外費 | D29: ④弔慰金（1004花里昌子様/7月23日逝去） | E29: ④弔慰金（1004花里昌子様/7月23日逝去） | G29: 10000
A30: 42210 | B30: 支出 | C30: 04.活動費①行事支出 | D30: ③夏まつり(7/25) | E30: スイカ、コーヒー | G30: 9535
... A34: 42210 | B34: 支出 | C34: 06.備品費 | D34: 備品 | E34: 板目表紙A4 10枚 | G34: 337
A35: 42214 | B35: 収入 | C35: 04.その他収入①アルミ缶回収費 | D35: 平成27年07月 150kg×@50 | E35: 平成27年07月 150kg×@50 | F35: 7500
A36: 42226 | B36: 支出 | C36: 04.活動費①行事支出 | D36: ④運動会(9/27) | E36: 運動会自治会分担金 | G36: 7800
A37: 42233 | B37: 支出 | C37: 04.活動費③募金支出 | D37: ③青い羽根募金 | E37: ③青い羽根募金 | G37: 1000
A38: 42221 | B38: 支出 | C38: 10.予備費 | D38: ワイヤレスアンプ修理費（折半） | E38: ワイヤレスアンプ修理費（折半） | G38: 8152
A39: 42242 | B39: 収入 | C39: 04.その他収入①アルミ缶回収費 | D39: 平成27年08月 110kg×@50 | E39: 平成27年08月 110kg×@50 | F39: 5500
A40: 42274 | B40: 支出 | C40: 04.活動費①行事支出 | D40: ④運動会(9/27) | E40: バナナ×6、梅干×3 | G40: 2339
A41: 42274 | B41: 支出 | C41: 04.活動費①行事支出 | D41: ④運動会(9/27) | E41: お弁当（大：35、キッズ：12） | G41: 24290
A42: 42274 | B42: 支出 | C42: 04.活動費①行事支出 | D42: ④運動会(9/27) | E42: レンタカー | G42: 11772
A43: 42274 | B43: 支出 | C43: 04.活動費①行事支出 | D43: ④運動会(9/27) | E43: 飲み物 | G43: 3063
A44: 42274 | B44: 支出 | C44: 04.活動費①行事支出 | D44: ④運動会(9/27) | E44: おにぎり等 | G44: 4080
A45: 42274 | B45: 支出 | C45: 04.活動費①行事支出 | D45: ④運動会(9/27) | E45: お菓子等 | G45: 3352
A46: 42278 | B46: 収入 | C46: 04.その他収入①アルミ缶回収費 | D46: 平成27年09月 150kg×@50 | E46: 平成27年09月 150kg×@50 | F46: 7500
A47: 42302 | B47: 収入 | C47: 03.行事収入 | D47: ②いも煮会(10/25) | E47: 会費 | F47: 17400
A48: 42302 | B48: 支出 | C48: 04.活動費①行事支出 | D48: ⑤いも煮会(10/25) | E48: 食材（塩瀬） | G48: 68062
A49: 42302 | B49: 支出 | C49: 04.活動費①行事支出 | D49: ⑤いも煮会(10/25) | E49: 食材（加藤） | G49: 3033
A50: 42302 | B50: 支出 | C50: 04.活動費①行事支出 | D50: ⑤いも煮会(10/25) | E50: 酒（関根） | G50: 2500
A51: 42302 | B51: 支出 | C51: 04.活動費①行事支出 | D51: ⑤いも煮会(10/25) | E51: 印刷代（荻原） | G51: 2240
A52: 42302 | B52: 支出 | C52: 04.活動費①行事支出 | D52: ⑤いも煮会(10/25) | E52: 食材（小野） | G52: 756
A53: 42302 | B53: 支出 | C53: 04.活動費①行事支出 | D53: ⑤いも煮会(10/25) | E53: ガス代（佐々木） | G53: 1944
A54: 42302 | B54: 支出 | C54: 04.活動費①行事支出 | D54: ⑤いも煮会(10/25) | E54: アイス（佐々木） | G54: 378
A55: 42302 | B55: 収入 | C55: 04.その他収入①アルミ缶回収費 | D55: 平成27年10月 110kg×@50 | E55: 平成27年10月 110kg×@50 | F55: 5500
A56: 42302 | B56: 支出 | C56: 04.活動費①行事支出 | D56: ⑤いも煮会(10/25) | E56: コーヒー（中久木） | G56: 1800
A57: 42337 | B57: 支出 | C57: 08.渉外費 | D57: ⑤弔慰金（103宇野朝子様/11月15日逝去） | E57: ⑤弔慰金（103宇野朝子様/11月15日逝去） | G57: 10000
A58: 42337 | B58: 支出 | C58: 04.活動費①行事支出 | D58: ⑥クリスマス(11/28～12/26) | E58: ⑥クリスマス（荻原） | G58: 72299
A59: 42334 | B59: 収入 | C59: 04.その他収入①アルミ缶回収費 | D59: 平成27年11月 90kg×@50 | E59: 平成27年11月 90kg×@50 | F59: 4500
A60: 42345 | B60: 支出 | C60: 04.活動費③募金支出 | D60: ④歳末たすけあい募金 | E60: ④歳末たすけあい募金 | G60: 3000
A61: 42364 | B61: 支出 | C61: 04.活動費①行事支出 | D61: ⑦正月飾り（12/26～1/10） | E61: 鏡餅（星野） | G61: 5980
A62: 42364 | B62: 支出 | C62: 04.活動費①行事支出 | D62: ⑦正月飾り（12/26～1/10） | E62: 正月用品（星野） | G62: 5651
A63: 42364 | B63: 支出 | C63: 04.活動費①行事支出 | D63: ⑦正月飾り（12/26～1/10） | E63: 門松（河本） | G63: 38000
A64: 42367 | B64: 支出 | C64: 08.渉外費 | D64: ⑥自治会会議費懇親会費(12/29) | E64: 自治会忘年会 10名 | G64: 33200
A65: 42357 | B65: 支出 | C65: 04.活動費①行事支出 | D65: ⑧鏡開き(1/10)・新年会(1/17) | E65: 日本酒（関根） | G65: 5000
A66: 42378 | B66: 収入 | C66: 04.その他収入①アルミ缶回収費 | D66: 平成27年12月 110kg×@50 | E66: 平成27年12月 110kg×@50 | F66: 5500
A67: 42374 | B67: 支出 | C67: 04.活動費①行事支出 | D67: ⑧鏡開き(1/10)・新年会(1/17) | E67: 受付用アクリル盾（荻原） | G67: 926
A68: 42375 | B68: 支出 | C68: 08.渉外費 | D68: ⑦葛西地区新年顔合わせ会(1/6) | E68: 葛西地区新年顔合わせ会 | G68: 35000
A69: 42377 | B69: 支出 | C69: 04.活動費①行事支出 | D69: ⑧鏡開き(1/10)・新年会(1/17) | E69: 食品等（塩瀬） | G69: 25682
A70: 42378 | B70: 支出 | C70: 04.活動費①行事支出 | D70: ⑧鏡開き(1/10)・新年会(1/17) | E70: 交通費（塩瀬） | G70: 330
A71: 42378 | B71: 支出 | C71: 04.活動費①行事支出 | D71: ⑧鏡開き(1/10)・新年会(1/17) | E71: 交通費（小野） | G71: 330
A72: 42378 | B72: 支出 | C72: 04.活動費①行事支出 | D72: ⑧鏡開き(1/10)・新年会(1/17) | E72: 交通費（加藤） | G72: 330
A73: 42375 | B73: 支出 | C73: 08.渉外費 | D73: ⑦葛西地区新年顔合わせ会(1/6) | E73: 交通費（荻原） | G73: 420
A74: 42375 | B74: 支出 | C74: 08.渉外費 | D74: ⑦葛西地区新年顔合わせ会(1/6) | E74: 交通費（星野） | G74: 420
A75: 42375 | B75: 支出 | C75: 08.渉外費 | D75: ⑦葛西地区新年顔合わせ会(1/6) | E75: 交通費（加藤） | G75: 420
A76: 42375 | B76: 支出 | C76: 08.渉外費 | D76: ⑦葛西地区新年顔合わせ会(1/6) | E76: 交通費（小野） | G76: 420
A77: 42375 | B77: 支出 | C77: 08.渉外費 | D77: ⑦葛西地区新年顔合わせ会(1/6) | E77: 交通費（中久木） | G77: 420
A78: 42375 | B78: 支出 | C78: 08.渉外費 | D78: ⑦葛西地区新年顔合わせ会(1/6) | E78: 交通費（佐々木） | G78: 420
A79: 42375 | B79: 支出 | C79: 08.渉外費 | D79: ⑦葛西地区新年顔合わせ会(1/6) | E79: 交通費（河本） | G79: 210
A80: 42379 | B80: 収入 | C80: 05.寄付金 | D80: 鏡開き（718髙木様） | E80: 鏡開き（718髙木様） | F80: 5000
A81: 42386 | B81: 支出 | C81: 04.活動費①行事支出 | D81: ⑧鏡開き(1/10)・新年会(1/17) | E81: オードブル（小野） | G81: 15000
A82: 42380 | B82: 支出 | C82: 04.活動費①行事支出 | D82: ⑧鏡開き(1/10)・新年会(1/17) | E82: 飲み物（加藤） | G82: 6036
A83: 42386 | B83: 支出 | C83: 04.活動費①行事支出 | D83: ⑧鏡開き(1/10)・新年会(1/17) | E83: おつまみ（小野） | G83: 1154
A84: 42384 | B84: 支出 | C84: 04.活動費①行事支出 | D84: ⑧鏡開き(1/10)・新年会(1/17) | E84: おつまみ（塩瀬） | G84: 1533
A85: 42396 | B85: 収入 | C85: 04.その他収入①アルミ缶回収費 | D85: 平成28年1月 90kg×@50 | E85: 平成28年1月 90kg×@50 | F85: 4500
A86: 42413 | B86: 支出 | C86: 04.活動費④諸経費 | D86: 切手代・印刷代 | E86: 印刷代金（荻原） | G86: 1980
A87: 42391 | B87: 支出 | C87: 06.備品費 | D87: 備品 | E87: マグネットシード（荻原） | G87: 324
A88: 42410 | B88: 支出 | C88: 04.活動費①行事支出 | D88: ⑨もちつき(2/14) | E88: トレイ、キッチンタオル等 | G88: 993
A89: 42413 | B89: 支出 | C89: 04.活動費①行事支出 | D89: ⑨もちつき(2/14) | E89: 菓子等 | G89: 1572
A90: 42414 | B90: 支出 | C90: 04.活動費①行事支出 | D90: ⑨もちつき(2/14) | E90: 業者代金 | G90: 110000
A91: 42414 | B91: 支出 | C91: 04.活動費④諸経費 | D91: 切手代・印刷代 | E91: 印刷代（河本） | G91: 280
A92: 42425 | B92: 収入 | C92: 04.その他収入①アルミ缶回収費 | D92: 平成28年2月 80kg×@50 | E92: 平成28年2月 80kg×@50 | F92: 4000
A93: 42462 | B93: 支出 | C93: 04.活動費④諸経費 | D93: 切手代・印刷代 | E93: 切手代・印刷代（関根） | G93: 2234
A94: 42462 | B94: 支出 | C94: 04.活動費④諸経費 | D94: 切手代・印刷代 | E94: 印刷代（中久木） | G94: 100
A95: 42462 | B95: 支出 | C95: 04.活動費④諸経費 | D95: 切手代・印刷代 | E95: 印刷代（河本） | G95: 600
A96: 42462 | B96: 支出 | C96: 08.渉外費 | D96: ⑧サークル活動費 | E96: ばーむ句会 | G96: 3100
A97: 42462 | B97: 支出 | C97: 08.渉外費 | D97: ⑧サークル活動費 | E97: 麺'Sクラブ | G97: 5000
A98: 42462 | B98: 支出 | C98: 07.消耗品費 | D98: 消耗品 | E98: 文具（ノート、封筒） | G98: 0
A99: 42469 | B99: 収入 | C99: 04.その他収入①アルミ缶回収費 | D99: 平成28年3月 100kg×@50 | E99: 平成28年3月 100kg×@50 | F99: 5000
A105: 【銀行入出金分】
A106: 42152 | B106: 収入 | C106: 04.その他収入①アルミ缶回収費 | D106: 集団回収報奨金(2014/10-2015/03)* | E106: 集団回収報奨金(2014/10-2015/03)* | F106: 7320
A107: 42177 | B107: 収入 | C107: 01.コミュニティ費 | D107: 2014年12月～2015年5月* | E107: 2014年12月～2015年5月* | F107: 250000
A108: 42177 | B108: 支出 | C108: 05.印刷関係費 | D108: 2014年12月～2015年5月* | E108: 2014年12月～2015年5月* | G108: 28790
...
